 Dungeon Crawl Stone Soup version 0.28-a0-732-g75e6d9beac (webtiles) character file.

Game seed: 3589335830066697523

11252 LambertSimnel the Covert (level 11, 0/61 HPs)
             Began as an Octopode Earth Elementalist on Oct 29, 2021.
             Was a High Priest of Cheibriados.
             Slain by a tengu warrior (11 damage)
             ... led by a tengu warrior
             ... on level 11 of the Dungeon.
             The game lasted 00:55:46 (13914 turns).

LambertSimnel the Covert (OpEE)                    Turns: 13914, Time: 00:55:47

Health: 0/61       AC:  6    Str: 20    XL:     11   Next: 74%
Magic:  22/23      EV: 20    Int: 33    God:    Cheibriados [*****.]
Gold:   478        SH:  0    Dex: 30    Spells: 17/27 levels left

rFire   . . .      SeeInvis +   L - staff of earth
rCold   . . .      Faith    .   (no shield)
rNeg    . . .      Spirit   .   N - +1 hat
rPois   .          Reflect  .   (no amulet)
rElec   .          Harm     .   r - +4 ring of protection
rCorr   .          Rampage  .   m - +6 ring of dexterity
Will    .....                   C - ring of see invisible
Stlth   ++++++....              (no ring)
HPRegen 0.20/turn               (no ring)
MPRegen 0.18/turn               (no ring)
                                (no ring)
                                (no ring)

@: very slow
A: almost no armour, amphibious, 8 rings, camouflage 1, gelatinous body 1,
(nimble swimmer 1), tentacles
a: Renounce Religion, Bend Time, Temporal Distortion, Slouch, Step From Time


You were on level 11 of the Dungeon.
You worshipped Cheibriados.
Cheibriados was extremely pleased with you.
You visited 1 branch of the dungeon, and saw 12 of its levels.

You collected 646 gold pieces.
You spent 168 gold pieces at shops.

Inventory:

Hand Weapons
 c - a +0 short sword
 u - a +2 flail of draining
 x - a +6 dagger of flaming
 y - the +9 dire flail of Compassion {pain, rN+ Int+3 SInv}
   (You found it on level 8 of the Dungeon)

   In the hands of one skilled in necromantic magic, it inflicts extra damage on
   living creatures.
   Int:       It affects your intelligence (+3).
   rN:        It protects you from negative energy.
   SInv:      It lets you see invisible.
 B - a +2 vorpal flail
Missiles
 b - 2 stones
 E - a throwing net
 I - 6 curare-tipped darts
 K - 8 poisoned darts
Armour
 N - a +1 hat (worn)
Magical Staves
 A - a staff of air
 L - a staff of earth (weapon)
Jewellery
 m - a +6 ring of dexterity (right tentacle)
 r - a +4 ring of protection (left tentacle)
 C - a ring of see invisible (on tentacle)
 F - a ring of ice
Wands
 i - a wand of paralysis (17)
 t - a wand of iceblast (20)
 v - a wand of polymorph (8)
 O - a wand of flame (17)
 P - a wand of acid (9)
Scrolls
 a - 3 scrolls of amnesia {unknown}
 f - a scroll of blinking
 h - a scroll of fog {unknown}
 k - 4 scrolls of teleportation {unknown}
 l - 2 scrolls of magic mapping
 o - 3 scrolls of fear
 p - 5 scrolls of enchant armour
 w - a scroll of immolation {unknown}
 D - a scroll of vulnerability
 H - a scroll of torment {unknown}
Potions
 d - 7 potions of curing
 e - 3 potions of attraction
 g - 2 potions of lignification
 j - 2 potions of mutation
 n - 2 potions of resistance {unknown}
 q - a potion of cancellation
 s - 3 potions of might
 z - 2 potions of degeneration
 G - a potion of heal wounds {unknown}
 J - 3 potions of ambrosia
 M - a potion of berserk rage {unknown}


   Skills:
 + Level 6.7 Dodging
 + Level 9.7 Stealth
 * Level 8.7 Spellcasting
 + Level 3.9 Conjurations
 + Level 6.5 Transmutations
 + Level 9.4 Earth Magic
 + Level 6.0 Invocations


You had 17 spell levels left.
You knew the following spells:

 Your Spells              Type           Power      Damage    Failure   Level
a - Sandblast             Erth           100%       2d20      1%          1
b - Passwall              Tmut/Erth      65%        N/A       1%          2
c - Stone Arrow           Conj/Erth      100%       3d13      1%          3
d - Petrify               Tmut/Erth      79%        N/A       1%          4

Your spell library contained the following spells:

 Spells                   Type           Power      Damage    Failure   Level
 Summon Small Mammal      Summ           56%        N/A       3%          1
 Dazzling Flash           Conj/Hex       54%        N/A       4%          3
 Call Canine Familiar     Summ           14%        N/A       10%         3
 Summon Guardian Golem    Hex/Summ       14%        N/A       10%         3
 Swiftness                Air            14%        N/A       10%         3
 Iskenderun's Mystic Bla  Conj/Tloc      27%        2d7       14%         4
 Starburst                Conj/Fire      13%        6d6       92%         6
 Invisibility             Hex            7%         N/A       99%         6


Dungeon Overview and Level Annotations

Branches:
Dungeon (12/15)            Temple (0/1) D:6            Lair (0/6) D:11
    Orc: D:9-12

Altars:
Cheibriados
Dithmenos
Elyvilon
Gozag
Hepliaklqana
Kikubaaqudgha
Okawaru
Qazlal
Sif Muna
Vehumet
Yredelemnul
Zin
The Shining One

Shops:
D:9 *


Innate Abilities, Weirdness & Mutations

You cannot wear most types of armour.
You are amphibious.
You can wear up to eight rings at the same time.
Your skin changes colour to match your surroundings (Stealth+).
Your rubbery body absorbs attacks. (AC +1, EV +1)
((You are camouflaged near water. (Stealth+)))
You have tentacles for arms and can constrict up to eight enemies at once.


Message History

The tengu warrior pecks you but does no damage.
The tengu warrior claws you but does no damage.
The tengu warrior hits you from afar with a +1 vorpal halberd!
* * * LOW HITPOINT WARNING * * *
x2 Blink to where?
Press: ? - help, Dir - move target, p - tengu warrior
As you read the scroll of blinking, it crumbles to dust.
Blink to where?
Press: ? - help, Dir - move target
As you read the scroll of blinking, it crumbles to dust.
You climb upwards.
There is a stone staircase leading down here.
You start resting.
Magic restored.
You start resting.
HP restored.
You climb downwards.
There is a stone staircase leading up here.
The tengu warrior hits you with a +0 dire flail!
The tengu warrior pecks you. The tengu warrior claws you.
Casting: Sandblast (safe; 1% risk of failure)
Confirm with . or Enter, or press ? or * to list all spells.
Aiming: Sandblast (safe; 1% risk of failure)
Press: ? - help, Shift-Dir - straight line, f - tengu warrior
Aim: a tengu warrior, wielding a +0 dire flail and wearing a +0 leather armour (69% to hit)
You feel a surge of power!
The blast of sand hits the tengu warrior!!
The tengu warrior is moderately wounded.
The tengu warrior hits you with a +0 dire flail.
The tengu warrior pecks you.
The tengu warrior completely misses you.
The tengu warrior hits you with a +0 dire flail!
* * * LOW HITPOINT WARNING * * *
The tengu warrior pecks you.
* * * LOW HITPOINT WARNING * * *
The tengu warrior claws you.
* * * LOW HITPOINT WARNING * * *
There is a stone staircase leading up, spattered with blood here.
The tengu warrior hits you from afar with a +1 vorpal halberd!
You die...

#.........#.# #..#.###....#
#######.###.# #..#.........
#|# #.# #..#.##...### #.#
#. .........#... #.####
##..........#. ####.##.#
##.#.##...##.
#§.#.##.###.....##.#...P
#..#.##.....#.#.##.#≈..P
#.Q†..#@....#.## #.#...P
#...Q.#Q....# ##...##.
#.....#Q....#.###.....#.
#.##.#.......#.......#...
#. #.........#####....###
.....##..#.....# #.......
.#.#####....#.#.###.......
...............#...........
#.........#.#######......


You could see 2 tengu warriors.

Vanquished Creatures
  A hydra (D:10)
  Erolcha (D:11)
  2 two-headed ogres
  Pikel (D:9)
  A manticore (D:11)
  Maurice (D:10)
  Psyche (D:10)
  2 trolls
  A queen bee (D:9)
  A shadow (D:11)
  11 yaks
  A wyvern (D:10)
  A steam dragon (D:8)
  2 water moccasins
  2 black bears
  A hornet zombie (D:7)
  4 orc warriors
  2 ogres
  A necrophage (D:5)
  2 centaurs (D:9)
  3 phantoms
  A kobold brigand (D:4)
  A gnoll sergeant (D:9)
  4 bullfrogs
  2 scorpions
  A wyvern skeleton (D:7)
  35 killer bees
  3 howler monkeys
  A bullfrog zombie (D:6)
  2 centaur zombies
  A hound (D:4)
  A centaur skeleton (D:7)
  A bullfrog skeleton (D:6)
  A gnoll shaman (D:8)
  A jelly (D:4)
  7 orc priests
  3 iguanas
  15 orc wizards
  A howler monkey zombie (D:8)
  Robin (D:4)
  11 gnolls
  10 adders
  A river rat (D:4)
  A shadow imp (D:7)
  3 white imps
  4 worms
  2 dart slugs
  29 orcs
  6 ball pythons
  4 endoplasms
  4 giant cockroaches
  18 goblins
  8 hobgoblins
  11 jackals
  5 kobolds
  5 quokkas
  5 bats
  5 frilled lizards
  7 rats
263 creatures vanquished.

Vanquished Creatures (others)
  An orc wizard (D:8)
  5 plants (D:11)
6 creatures vanquished.

Grand Total: 269 creatures vanquished

Notes
Turn   | Place    | Note
-------+----------+-------------------------------------------
     0 | D:1      | LambertSimnel the Octopode Earth Elementalist began the
                  | quest for the Orb.
     0 | D:1      | Reached XP level 1. HP: 11/11 MP: 3/3
   374 | D:1      | Reached XP level 2. HP: 17/17 MP: 5/5
  1093 | D:2      | Reached XP level 3. HP: 15/21 MP: 4/6
  1219 | D:2      | Reached XP level 4. HP: 23/27 MP: 4/7
  2266 | D:3      | Noticed a water moccasin
  2274 | D:3      | Killed a water moccasin
  2275 | D:3      | Reached XP level 5. HP: 31/31 MP: 4/9
  2340 | D:3      | Found a glowing golden altar of the Shining One.
  2411 | D:3      | Reached XP level 6. HP: 36/36 MP: 8/10
  2414 | D:3      | Learned a level 2 spell: Passwall
  2418 | D:3      | Learned a level 3 spell: Stone Arrow
  3267 | D:4      | Reached XP level 7. HP: 41/41 MP: 7/12
  3373 | D:4      | Noticed Robin
  3478 | D:4      | Reached skill level 5 in Earth Magic
  4138 | D:4      | Found a white marble altar of Elyvilon.
  4259 | D:4      | Reached skill level 5 in Stealth
  4379 | D:4      | Killed Robin
  4442 | D:4      | Found a radiant altar of Vehumet.
  4555 | D:4      | Found a stormy altar of Qazlal.
  4572 | D:4      | Found a faded altar of an unknown god.
  4572 | D:4      | Found a shimmering blue altar of Sif Muna.
  4580 | D:4      | Found a snail-covered altar of Cheibriados.
  4582 | D:4      | Found a glowing silver altar of Zin.
  4583 | D:4      | Found an opulent altar of Gozag.
  4586 | D:4      | Became a worshipper of Cheibriados the Contemplative
  4742 | D:5      | Entered Level 5 of the Dungeon
  4947 | D:5      | Found a basalt altar of Yredelemnul.
  4961 | D:5      | Reached XP level 8. HP: 46/46 MP: 12/14
  5135 | D:5      | Reached skill level 1 in Invocations
  5890 | D:6      | Found a staircase to the Ecumenical Temple.
  6032 | D:6      | Learned a level 4 spell: Petrify
  6051 | D:6      | Reached skill level 5 in Spellcasting
  6257 | D:6      | Reached * piety under Cheibriados
  6861 | D:6      | Found an iron altar of Okawaru.
  7004 | D:6      | Reached XP level 9. HP: 51/51 MP: 14/17
  8083 | D:8      | Identified the +9 dire flail of Compassion {pain, rN+ Int+3
                  | SInv}
  8259 | D:8      | Reached ** piety under Cheibriados
  9324 | D:7      | Reached skill level 5 in Dodging
  9325 | D:7      | Reached *** piety under Cheibriados
 10338 | D:9      | Reached skill level 5 in Transmutations
 10395 | D:9      | Found Zaxupe's General Store.
 10398 | D:9      | Bought a scroll of vulnerability for 105 gold pieces
 10398 | D:9      | Bought 27 stones for 37 gold pieces
 10398 | D:9      | Bought 19 stones for 26 gold pieces
 10411 | D:9      | Reached XP level 10. HP: 56/56 MP: 18/20
 10503 | D:9      | Found a shadowy altar of Dithmenos.
 10503 | D:9      | Found a hazy altar of Hepliaklqana.
 10638 | D:9      | Reached skill level 1 in Conjurations
 10879 | D:9      | Noticed Pikel
 10884 | D:9      | Killed Pikel
 11075 | D:9      | Reached **** piety under Cheibriados
 11086 | D:9      | Noticed a two-headed ogre
 11230 | D:9      | Killed a two-headed ogre
 11454 | D:9      | Reached skill level 5 in Invocations
 11478 | D:9      | Reached XP level 11. HP: 34/61 MP: 11/22
 11777 | D:9      | Reached ***** piety under Cheibriados
 12128 | D:10     | Entered Level 10 of the Dungeon
 12250 | D:10     | Noticed Psyche
 12257 | D:10     | Killed Psyche
 12444 | D:10     | Found an ancient bone altar of Kikubaaqudgha.
 12543 | D:10     | Noticed a two-headed ogre
 12556 | D:10     | Killed a two-headed ogre
 12934 | D:10     | Found a faded altar of an unknown god.
 12988 | D:10     | Noticed a seven-headed hydra
 12995 | D:10     | Killed a seven-headed hydra
 13148 | D:11     | You fall into a shaft and drop 1 floor!
 13169 | D:11     | Noticed an eight-headed hydra
 13171 | D:11     | Noticed Maurice
 13178 | D:11     | Noticed a cyclops
 13182 | D:10     | Killed Maurice
 13304 | D:11     | Noticed Erolcha
 13313 | D:11     | Killed Erolcha
 13395 | D:11     | Noticed a tengu warrior
 13401 | D:11     | Found a staircase to the Lair.
 13407 | D:11     | Noticed a tengu warrior
 13467 | D:11     | Noticed a manticore
 13479 | D:11     | Killed a manticore
 13612 | D:11     | HP: 2/61 [tengu warrior[a tengu warrior] (13)]
 13914 | D:11     | Slain by a tengu warrior

Illustrated notes

Levels and vault maps discovered:
D:1:      nicolae_arrival_somewhat_less_tricky_arrival, layout_basic
D:2:      minmay_diamond_boxcup, layout_loops_cross
D:3:      minmay_chambers_of_twos, layout_basic, nicolae_tso_carved_into_rock
D:4:      layout_rooms, elyvilon_altar_3, chequers_temple_overflow_minitemple,
          mainiacjoe_overflow_big_doors, gup_sewer_entry_bubbles, corexii_shack,
          uniq_robin
D:5:      layout_basic, mainiacjoe_overflow_catwalk
D:6:      layout_loops_ring, mainiacjoe_overflow_concentric_impassable,
          minmay_temple_entry_statues_fountains
D:7:      layout_layer_cave
D:8:      kennysheep_blocky_hall, layout_basic, minmay_misc_feat_nine_boxes
D:9:      layout_roguey, riverfiend_overflow_shadow_ancestor, special_room
          [special_room_bee], serial_shops, kennysheep_mini_moat, uniq_pikel
D:10:     layout_irregular_city, mainiacjoe_overflow_alcove_4,
          serial_column_ruins, column_ruins_temple_hut, column_ruins_hut,
          column_ruins_open_large, column_ruins_open_tiny,
          column_ruins_columns_water, column_ruins_open_tiny, uniq_psyche
D:11:     layout_basic, dpeg_oklobed_lair, minmay_orc_entry_temple_small,
          lemuel_flamethrower_1, uniq_grum, uniq_maurice, uniq_sonja,
          uniq_erolcha
D:12:     layout_stronghold, serial_shops, nicolae_shop_stone,
          minmay_hollow_rounded_squares

Skill      XL: |  1  2  3  4  5  6  7  8  9 10 11 |
---------------+----------------------------------+-----
Stealth        | 3 4 5 6 7 8 9 |  9.7
Transmutations | 2 3 4 5 6 |  6.5
Spellcasting   | 3 4 5 6 7 8 |  8.7
Earth Magic    | 4 5 6 7 8 9 |  9.4
Dodging        | 3 4 5 6 |  6.7
Invocations    | 2 3 5 6 |  6.0
Conjurations   | 2 3 |  3.9

Action                   |  1- 3 |  4- 6 |  7- 9 | 10-12 || total
-------------------------+-------+-------+-------+-------++-------
Melee: Unarmed           |     6 |       |       |       ||     6
       Short sword       |    26 |    42 |    29 |       ||    97
       Constrict         |    10 |     4 |     7 |     1 ||    22
       Tentacles         |     3 |     3 |     4 |       ||    10
       Dagger            |       |       |     4 |     3 ||     7
 Cast: Sandblast         |    17 |    46 |   208 |   166 ||   437
       Stone Arrow       |       |       |     9 |    17 ||    26
       Petrify           |       |       |     3 |    12 ||    15
       Passwall          |       |       |     1 |       ||     1
Evoke: Wand              |       |       |       |     1 ||     1
  Use: Potion            |     1 |       |     1 |     2 ||     4
       Scroll            |       |       |     7 |     7 ||    14
 Stab: Sleeping          |     5 |    14 |    13 |     1 ||    33
       Petrified         |       |       |     6 |       ||     6
Armor: Skin              |       |     1 |    12 |    14 ||    27
Dodge: Dodged            |    19 |    28 |    93 |   156 ||   296

Table legend: (Time is in decaauts)
 A = Elapsed time spent in this place.
 B = Non-inter-level travel time spent in this place.
 C = Inter-level travel time spent in this place.
 D = Time resting spent in this place.
 E = Time spent auto-exploring this place.
 F = Levels seen in this place.
 G = Mean time per level.
                   A        B        C        D        E       F      G
               +--------+--------+--------+--------+--------+-----+--------+
         Total |  16560 |  15955 |    605 |   4311 |   8795 |  12 | 1380.0 |
       Dungeon |  16560 |  15955 |    605 |   4311 |   8795 |  12 | 1380.0 |
               +--------+--------+--------+--------+--------+-----+--------+

Top non-repeatable levels by time:
     D:9: 2264 daAuts
     D:8: 2043 daAuts
     D:7: 1919 daAuts
    D:10: 1911 daAuts
     D:3: 1747 daAuts
     D:5: 1715 daAuts
     D:6: 1250 daAuts
     D:2: 1220 daAuts
     D:1: 1083 daAuts
     D:4: 910 daAuts
    D:11: 483 daAuts
    D:12: 11 daAuts
